Map: Overgrown Facility

Players

Garritsen

  • Race: Terran Terran
  • League: Silver
  • Spawn Location: 3:00

Fabrotanque

  • Race: Protoss Protoss
  • Spawn Location: 1:00

Mesrob - Winner!

  • Race: Terran Terran
  • League: Gold
  • Spawn Location: 7:00

Subwaymaker - Winner!

  • Race: Protoss Protoss
  • League: Silver
  • Spawn Location: 9:00

VOD

Have the link to the VOD?

Description

Time

  • Played on: Jan. 13, 2019, 8:49 p.m.
  • Length: 14:34
Show
View Real Time Build Order
Export as new Build Order

Garritsen Terran 

Build Orders:  

Get SALT Encoding   

  12  0:29  SCV  
  12  0:30  Supply Depot  
  12  0:32  Supply Depot  
  13  0:41  SCV  
  14  0:49  Refinery  
  14  0:52  Refinery  
  14  1:09  Barracks  
  14  1:13  SCV  
  15  1:25  SCV  
  16  1:37  SCV  
  16  1:39  Engineering Bay  
  17  1:53  Barracks  
  17  2:02  Barracks Tech Lab  
  17  2:09  Missile Turret  
  19  2:23  Marauder  
  19  2:43  Combat Shield  
  19  2:57  SCV  
  20  3:09  SCV, Barracks  
  20  3:10  Barracks Reactor  
  21  3:21  SCV  
  21  3:24  Marauder  
  24  3:31  Factory  
  24  3:33  SCV  
  25  3:56  Missile Turret  
  25  4:02  SCV  
  26  4:10  Barracks Reactor  
  26  4:17  Missile Turret  
  26  4:24  Sensor Tower  
  26  4:27  Marine x2  
  28  4:34  Factory Reactor  
  28  4:38  Missile Turret  
  28  4:48  Orbital Command  
  28  4:50  Barracks Reactor  
  28  4:55  Siege Tank  
  31  5:15  Starport  
  31  5:59  Starport Reactor  
  31  6:05  Starport  
  31  6:19  Marine x2  
  31  6:20  Marine x2  
  35  6:35  Supply Depot  
  35  6:37  Marine x4, Supply Depot  
  39  6:52  Starport Reactor  
  39  6:55  Marine x4  
  39  6:58  Siege Tank  
  46  7:02  Viking  
  48  7:13  Marine  
  49  7:20  Marine x2  
  51  7:34  Missile Turret  
  51  7:38  Marine  
  51  7:39  Siege Tank  
  55  7:57  Viking  
  57  8:02  Viking  
  59  8:08  Marine  
  59  8:10  Marine  
  60  8:42  Command Center  
  59  8:52  Viking  
  61  8:56  Marine  
  62  9:24  Marine  
  63  9:34  Marine x3  
  66  9:42  Marine  
  67  9:45  Supply Depot  
  67  9:47  Supply Depot  
  67  9:52  Marine x3  
  70  9:56  Siege Tank  
  73  10:00  Marine  
  74  10:10  Viking x2  
  78  11:04  Marine x3  
  78  11:05  Marine  
  78  11:11  Fusion Core  
  82  11:18  Starport  
  82  11:20  Barracks  
  82  11:22  Marine x4  
  42  12:37  Starport Tech Lab  
  25  12:39  Siege Tank  
  25  12:41  Marine  
  25  12:42  Marine x3  
  32  12:46  SCV  
  33  12:58  SCV  
  33  12:59  Marine x2  
  33  13:00  Marine x2  
  38  13:10  SCV  
  7  13:47  Supply Depot  
  7  13:48  Supply Depot  
  7  13:50  Supply Depot  
  7  13:51  Supply Depot  
Show
View Real Time Build Order
Export as new Build Order

Fabrotanque Protoss 

Build Orders:  

Get SALT Encoding   

  12  0:03  Probe  
  13  0:11  Probe  
  14  0:24  Pylon  
  14  0:33  Assimilator  
  14  0:37  Assimilator  
  14  0:52  Pylon  
  14  0:54  Probe  
  14  0:55  Pylon  
  15  1:06  Probe  
  16  1:16  Forge  
  16  1:29  Gateway  
  16  1:35  Probe  
  17  1:43  Probe  
  17  1:53  Probe  
  19  2:02  Probe, Photon Cannon  
  20  2:10  Probe  
  21  2:30  Probe  
  22  2:55  Cybernetics Core  
  22  2:57  Photon Cannon  
  22  2:59  Photon Cannon  
  22  3:01  Photon Cannon  
  22  3:14  Cybernetics Core  
  22  3:44  Protoss Air Weapons Level 1  
  22  3:48  Nexus  
  22  4:19  Pylon  
  22  4:25  Pylon  
  22  4:27  Protoss Air Armor Level 1  
  22  4:45  Stargate  
  22  4:46  Stargate  
  22  4:47  Stargate  
  22  4:54  Stargate  
  22  4:58  Probe  
  23  5:02  Probe  
  24  5:10  Probe  
  24  5:14  Probe  
  26  5:19  Probe  
  26  5:22  Probe  
  26  5:27  Probe  
  28  5:30  Probe  
  30  5:37  Probe  
  31  5:46  Void Ray  
  31  5:49  Void Ray  
  39  5:52  Probe  
  39  5:54  Probe  
  41  6:04  Probe  
  41  6:06  Probe  
  43  6:16  Probe  
  43  6:18  Probe  
  45  6:21  Assimilator  
  45  6:25  Assimilator  
  45  6:28  Void Ray, Probe  
  45  6:30  Probe  
  51  6:41  Probe  
  51  6:42  Probe  
  53  6:53  Probe  
  54  6:54  Probe  
  55  7:02  Void Ray  
  55  7:05  Probe  
  55  7:07  Nexus  
  60  7:19  Void Ray  
  60  7:20  Void Ray  
  68  7:45  Pylon  
  68  7:49  Pylon  
  68  7:52  Pylon  
  68  7:57  Pylon  
  68  8:00  Pylon  
  68  8:03  Void Ray  
  72  8:11  Void Ray  
  72  8:12  Void Ray  
  80  8:18  Probe x2  
  80  8:19  Probe  
  80  8:26  Probe x2  
  83  8:27  Probe  
  83  8:32  Assimilator  
  86  8:34  Assimilator  
  86  8:35  Probe  
  86  8:36  Probe  
  86  8:40  Void Ray  
  92  8:51  Probe  
  92  8:52  Probe x2  
  95  9:04  Probe x2  
  98  9:16  Probe  
  99  9:25  Void Ray x4  
  114  9:40  Pylon  
  114  9:43  Pylon  
  114  9:47  Pylon  
  114  9:56  Fleet Beacon  
  114  10:08  Void Ray x2  
  114  10:11  Photon Cannon  
  122  10:15  Void Ray, Photon Cannon  
  122  10:19  Photon Cannon  
  126  10:21  Photon Cannon  
  126  10:23  Void Ray  
  130  10:40  Protoss Air Weapons Level 2  
  130  10:44  Protoss Air Armor Level 2  
  130  10:51  Void Ray x2  
  138  10:58  Void Ray  
  142  11:06  Void Ray  
  146  12:10  Void Ray x3  
  146  12:11  Void Ray  
  74  12:48  Void Ray x2  
  74  12:49  Void Ray x2  
  90  13:31  Void Ray x4  
Show
View Real Time Build Order
Export as new Build Order

Mesrob Terran - Winner!

Build Orders: Mech 

Get SALT Encoding   

  12  0:00  SCV  
  13  0:13  SCV  
  14  0:24  Supply Depot  
  14  0:25  SCV  
  15  0:45  SCV  
  16  0:56  Barracks  
  16  1:03  SCV  
  17  1:06  Refinery  
  17  1:15  SCV  
  18  1:27  SCV  
  19  1:44  Marine  
  19  1:46  Command Center  
  20  1:48  Orbital Command  
  20  1:54  Engineering Bay  
  20  2:14  SCV  
  21  2:21  Supply Depot  
  21  2:27  SCV  
  22  2:34  Barracks Tech Lab, Factory  
  22  2:39  SCV  
  22  2:42  Refinery  
  23  2:51  SCV  
  24  3:04  Orbital Command  
  24  3:08  Barracks Reactor  
  24  3:14  SCV  
  24  3:16  Command Center  
  25  3:26  SCV  
  26  3:35  Factory  
  26  3:37  Siege Tank  
  26  3:38  SCV  
  30  3:45  SCV  
  31  3:50  SCV  
  32  3:57  SCV  
  32  4:01  Supply Depot  
  32  4:02  SCV  
  34  4:09  Siege Tank  
  37  4:14  SCV  
  38  4:26  Factory  
  38  4:34  Barracks Tech Lab  
  38  4:47  Refinery, SCV x2  
  38  4:48  Armory  
  40  5:19  Barracks Tech Lab  
  40  5:20  Factory  
  40  5:25  SCV  
  40  5:27  SCV  
  40  5:28  SCV  
  43  5:29  Refinery  
  43  5:37  SCV  
  43  5:40  SCV x2  
  46  5:49  SCV  
  46  6:06  Terran Vehicle Weapons Level 1  
  46  6:09  Armory  
  46  6:10  SCV  
  46  6:11  SCV x2  
  49  6:15  Refinery  
  49  6:22  SCV  
  49  6:23  SCV x2  
  52  6:34  Factory, SCV, Barracks Reactor  
  52  6:35  SCV x2  
  55  6:41  Refinery  
  55  6:46  SCV  
  56  6:47  SCV x2  
  58  6:58  SCV  
  58  6:59  SCV  
  60  7:06  Supply Depot  
  60  7:11  SCV  
  60  7:12  Orbital Command  
  60  7:13  SCV  
  62  7:21  Factory Reactor  
  62  7:23  SCV  
  62  7:25  SCV  
  64  7:30  Supply Depot  
  64  7:32  Factory  
  64  7:35  SCV  
  65  7:37  SCV  
  65  7:38  Barracks Tech Lab  
  65  7:39  Thor  
  65  7:42  Hellbat x2  
  76  7:47  SCV  
  76  7:48  Supply Depot  
  77  7:52  Supply Depot  
  83  8:00  Missile Turret  
  83  8:09  Missile Turret, Thor  
  83  8:11  Supply Depot  
  89  8:16  Supply Depot  
  89  8:23  Hellbat x2  
  93  8:30  Factory  
  93  8:33  Missile Turret  
  93  8:34  Supply Depot  
  93  8:40  Supply Depot  
  93  8:48  Starport  
  93  8:55  Hellbat x2, Missile Turret  
  97  8:56  Hellbat x2, Supply Depot  
  97  8:57  Hellbat x2  
  97  8:58  Thor x2  
  117  9:06  SCV x3  
  120  9:12  Barracks Tech Lab  
  120  9:17  Missile Turret  
  120  9:18  SCV x2  
  122  9:41  Supply Depot, Thor  
  122  9:44  Missile Turret  
  128  9:52  Supply Depot  
  128  9:57  Terran Vehicle And Ship Armor Level 1, Terran Vehicle Weapons Level 2  
  128  10:01  Thor x2  
  128  10:03  Hellbat x3, Supply Depot  
  128  10:04  Missile Turret  
  128  10:06  Hellbat  
  148  10:14  Hellbat x2  
  152  10:15  Supply Depot  
  152  10:24  Hellbat  
  152  10:25  Hellbat x2  
  152  10:26  Supply Depot  
  152  10:27  Thor  
  164  10:35  Missile Turret  
  164  10:37  Hellbat  
  166  10:49  Supply Depot  
  166  10:51  Fusion Core  
  166  10:55  Missile Turret  
  166  11:07  Thor  
  166  11:08  Thor  
  166  11:09  Hellbat  
  186  11:11  Hellbat x3  
  186  11:12  Supply Depot  
  186  11:14  Hellbat  
  186  11:17  Missile Turret  
  188  11:26  Command Center  
  188  11:33  Refinery  
  188  11:34  Hellbat  
  188  11:37  Supply Depot  
  188  11:39  Missile Turret  
  190  11:43  Starport  
  188  11:56  Refinery  
  188  12:04  Widow Mine, Supply Depot  
  188  12:05  Widow Mine x3  
  188  12:06  Widow Mine x2  
  158  12:22  Starport  
  120  13:02  Starport  
  120  13:18  Thor x2  
  132  13:20  Hellbat x3  
  132  13:21  Hellbat x3  
  144  13:28  Thor  
  150  13:41  Starport, Hellbat  
  150  13:42  Hellbat x4  
  150  13:43  Hellbat  
  174  14:03  Hellbat  
Show
View Real Time Build Order
Export as new Build Order

Subwaymaker Protoss - Winner!

Build Orders:  

Get SALT Encoding   

  12  0:00  Probe  
  13  0:16  Probe  
  14  0:24  Pylon  
  14  0:26  Assimilator  
  14  0:46  Gateway  
  14  0:47  Probe  
  15  0:56  Probe  
  16  1:04  Probe  
  17  1:13  Probe  
  18  1:20  Pylon  
  18  1:25  Probe  
  19  1:38  Cybernetics Core, Probe  
  20  1:40  Forge  
  20  1:45  Zealot  
  22  1:50  Probe  
  23  2:02  Probe  
  23  2:06  Assimilator  
  24  2:14  Probe  
  25  2:20  Warp Gate  
  25  2:22  Pylon  
  25  2:26  Probe, Photon Cannon  
  26  2:30  Shield Battery  
  26  2:35  Zealot  
  27  3:04  Photon Cannon  
  27  3:05  Protoss Ground Armor Level 1  
  27  3:06  Twilight Council  
  27  3:07  Gateway  
  27  3:17  Zealot  
  29  3:46  Charge  
  29  3:48  Nexus  
  29  3:50  Probe  
  30  4:06  Probe  
  31  4:17  Pylon  
  31  4:19  Probe  
  31  4:22  Zealot  
  34  4:26  Zealot  
  34  4:31  Probe  
  37  4:39  Photon Cannon  
  37  4:43  Probe  
  38  4:50  Pylon  
  38  5:05  Stalker x2  
  38  5:06  Protoss Ground Weapons Level 1  
  42  5:17  Robotics Facility  
  42  5:20  Pylon  
  42  5:24  Probe x2  
  44  5:49  Photon Cannon  
  44  5:51  Shield Battery  
  44  5:53  Assimilator  
  44  5:54  Probe x2  
  46  6:05  Immortal  
  46  6:08  Zealot  
  52  6:12  Probe  
  52  6:15  Probe  
  54  6:20  Probe  
  55  6:27  Probe  
  55  6:32  Gateway  
  56  6:33  Gateway  
  56  6:37  Gateway  
  56  6:39  Probe  
  57  6:44  Zealot  
  57  6:45  Observer, Zealot  
  62  6:51  Protoss Shields Level 1  
  62  6:58  Immortal  
  62  7:01  Robotics Bay  
  66  7:16  Zealot x2  
  70  7:28  Pylon  
  70  7:30  Pylon  
  70  7:32  Pylon, Probe x2  
  70  7:37  Pylon  
  72  7:39  Assimilator  
  72  7:43  Zealot x2  
  76  7:44  Zealot  
  78  7:56  Colossus  
  84  8:01  Probe  
  85  8:09  Probe  
  85  8:17  Photon Cannon  
  86  8:21  Photon Cannon  
  86  8:45  Nexus  
  86  8:46  Probe x2  
  86  8:48  Pylon  
  88  8:52  Protoss Ground Weapons Level 2  
  88  8:53  Zealot x3  
  94  8:58  Probe x2  
  94  8:59  Stalker  
  98  9:11  Photon Cannon  
  98  9:12  Shield Battery  
  98  9:15  Photon Cannon  
  98  9:18  Probe x2  
  100  9:25  Colossus  
  106  9:42  Stalker  
  108  9:45  Stalker  
  108  9:49  Stalker  
  112  10:06  Assimilator  
  112  10:09  Pylon  
  112  10:14  Pylon  
  112  10:16  Stalker  
  112  10:17  Stalker  
  112  10:18  Pylon, Stalker  
  112  10:20  Sentry  
  112  10:21  Assimilator, Colossus  
  120  10:22  Sentry  
  128  10:51  Probe  
  128  10:52  Probe x2  
  131  10:59  Photon Cannon  
  131  11:02  Photon Cannon  
  131  11:04  Probe x2  
  133  11:05  Protoss Ground Armor Level 2  
  133  11:06  Pylon  
  133  11:08  Pylon  
  133  11:09  Pylon  
  133  11:13  Pylon  
  133  11:14  Gateway  
  133  11:16  Gateway  
  133  11:19  Pylon  
  133  11:38  Zealot  
  133  11:39  Stalker x3  
  141  11:41  Stalker  
  143  12:00  Stalker  
  145  12:02  Stalker  
  145  12:04  Stalker x2  
  145  12:05  Stalker  
  147  13:00  Stalker x2  
  147  13:01  Stalker x4  
  147  13:02  Stalker  
  147  13:04  Colossus  
  167  13:22  Stalker x2  
  144  13:58  Stalker x2  
  144  13:59  Stalker x4  
  144  14:00  Stalker  
  120  14:20  Stalker x3  
  120  14:21  Stalker x3  
  120  14:22  Stalker  
Tags
 
Add a new tag
Caveats
  • Supply blocks, unpowered buildings, or Contaminate may cause inaccurate times.
  • Supply counts are checked every 10 seconds.